 Dungeon Crawl Stone Soup version 0.29-a0-360-g8ed1089bbe (webtiles) character file.

Game seed: 7365512744735921339

194 Zeldest the Sneak (level 5, -3/42 HPs)
             Began as a Demonspawn Delver on Apr 28, 2022.
             Killed from afar by an orc wizard (7 damage)
             ... with a puff of flame
             ... on level 5 of the Dungeon.
             The game lasted 00:07:50 (1587 turns).

Zeldest the Sneak (Demonspawn Delver)               Turns: 1587, Time: 00:07:51

Health: -3/42      AC:  2    Str: 15    XL:     5   Next: 44%
Magic:  5/5        EV: 11    Int: 11    God:
Gold:   171        SH:  0    Dex: 16    Spells: 4/4 levels left

rFire   . . .      SeeInvis .     - Unarmed
rCold   . . .      Faith    .   r - +2 buckler {rN+}
rNeg    + + .      Spirit   .   a - +0 leather armour
rPois   .          Reflect  .   (no helmet)
rElec   .          Harm     .   m - +0 cloak
rCorr   .          Rampage  .   p - +0 pair of gloves
Will    .....                   j - +0 pair of boots
Stlth   +.........              (no amulet)
HPRegen 0.14/turn               t - ring of positive energy
MPRegen 0.09/turn               (no ring)

@: confused, mighty, corroded
A: powered by death 1, powered by pain 1, agile 1, wild magic 1
a: no special abilities


You were on level 5 of the Dungeon.
You visited 1 branch of the dungeon, and saw 6 of its levels.

You collected 171 gold pieces.

Inventory:

Armour
 a - a +0 leather armour (worn)
 j - a +0 pair of boots (worn)
 m - a +0 cloak (worn)
 p - a +0 pair of gloves (worn)
 r - a +2 buckler of positive energy (worn)
Jewellery
 t - a ring of positive energy (left hand)
Wands
 f - a wand of digging (3)
Scrolls
 b - a scroll of fog
 c - 2 scrolls of magic mapping
 d - a scroll of fear
 g - 2 scrolls of blinking {unknown}
 h - 7 scrolls of identify {unknown}
 i - 4 scrolls of enchant weapon {unknown}
 l - a scroll of amnesia {unknown}
 o - a scroll of silence {unknown}
 u - a scroll of brand weapon {unknown}
Potions
 e - a potion of haste
 q - a potion of might
 s - a potion of lignification {unknown}


   Skills:
 + Level 4.1 Fighting
 - Level 1.7 Dodging
 - Level 4.5 Stealth
 + Level 1.4 Shields
 * Level 4.1 Unarmed Combat


You had 4 spell levels left.
You didn't know any spells.
Your spell library contained the following spells:

 Spells                   Type           Power      Damage    Failure   Level
 Corpse Rot               Necr/Air       0%         N/A       73%         2
 Poisonous Vapours        Pois/Air       0%         N/A       73%         2


Dungeon Overview and Level Annotations

Branches:
Dungeon (6/15)
 Temple: D:4-7

Altars:
Gozag

Annotations:
D:2 Sigmund
D:3 1 runed translucent door, Crazy Yiuf


Innate Abilities, Weirdness & Mutations

You regenerate a little health from kills.
You sometimes gain a little power by taking damage.
You are agile. (Dex +2)
Your spells are a little harder to cast, but a little more powerful.


Message History

The hound is severely wounded.
The hound bites you.
* * * LOW HITPOINT WARNING * * *
You block the hound's attack.
You punch the hound!
You kill the hound!
The jelly jiggles.
Your Fighting skill increases to level 4!
Your Unarmed Combat skill increases to level 4!
You have reached level 5!
You feel better. The jelly misses you.
You punch the jelly! The acid corrodes you!
Your hands burn!
The jelly is almost dead.
The jelly barely misses you.
You punch the jelly!
You kill the jelly!
You closely miss something. Something hits you.
You closely miss something. Something hits you.
You closely miss something.
An adder comes into view.
Something hits you.
You miss something. You block something's attack.
You barely miss something.
The adder hisses angrily.
You hear some strange, mumbled words.
Something tries to affect you, but you resist.
You barely miss something. Something hits you.
* * * LOW HITPOINT WARNING * * *
You hit something.
An orc wizard appears from thin air!
Reactivating autopickup.
The orc wizard points at you and mumbles some strange words.
You are confused.
You bump into the rock wall.
The orc wizard gestures at you while chanting.
The puff of flame hits you!
* * * LOW HITPOINT WARNING * * *
It was a potion of mutation.
You feel extremely strange.
You feel less in control of your magic.
You feel agile. The orc wizard casts a spell at you.
The puff of flame hits you!
You die...

#### ..#
#.#
#@#######
#o#.....#
#o>....)#
#...#####
.....#
#....##
#.....
#.....
#...##.


You could see an orc wizard and an orc.

Vanquished Creatures
  A hound (D:5)
  A jelly (D:5)
  3 gnolls (D:3)
  5 adders
  2 worms
  A dart slug (D:2)
  An orc (D:2)
  5 bats
  6 endoplasms
  3 giant cockroaches
  A goblin (D:3)
  6 hobgoblins
  4 quokkas
  3 ball pythons
  2 frilled lizards
  5 kobolds
  7 rats
56 creatures vanquished.

Vanquished Creatures (others)
  A fungus (D:1)
1 creature vanquished.

Grand Total: 57 creatures vanquished

Notes
Turn   | Place    | Note
-------+----------+-------------------------------------------
     0 | D:5      | Zeldest the Demonspawn Delver began the quest for the Orb.
     0 | D:5      | Reached XP level 1. HP: 18/18 MP: 1/1
    53 | D:4      | Noticed a hound
   188 | D:3      | Found a runed translucent door.
   189 | D:3      | Noticed Crazy Yiuf
   240 | D:3      | Gained mutation: You sometimes gain a little power by
                  | taking damage. [demonic ancestry]
   240 | D:3      | Reached XP level 2. HP: 12/24 MP: 2/2
   346 | D:2      | Noticed Sigmund
   622 | D:1      | Gained mutation: You regenerate a little health from kills.
                  | [demonic ancestry]
   622 | D:1      | Reached XP level 3. HP: 18/29 MP: 3/3
   800 | D:1      | Found a faded altar of an unknown god.
  1228 | D:3      | Reached XP level 4. HP: 37/37 MP: 4/4
  1366 | D:3      | Found an opulent altar of Gozag.
  1465 | D:2      | Reached skill level 1 in Shields
  1550 | D:3      | You fall into a shaft and drop 3 floors!
  1576 | D:5      | Reached XP level 5. HP: 11/42 MP: 5/5
  1587 | D:5      | Gained mutation: Your spells are a little harder to cast,
                  | but a little more powerful. [potion of mutation]
  1587 | D:5      | Gained mutation: You are agile. (Dex +2) [potion of
                  | mutation]
  1587 | D:5      | Killed from afar by an orc wizard

Illustrated notes

Levels and vault maps discovered:
D:1:      nzn_arrival_crosshair, layout_loops_ring,
          shapermc_ecumenical_altar_acropolis, minmay_tromino_v4_b
D:2:      layout_basic, uniq_sigmund
D:3:      layout_rooms, old_standard_altar, minmay_crystal_water, st_stairs_7,
          uniq_crazy_yiuf_cottage, uniq_ijyb
D:4:      minmay_angry_zag, layout_rooms, vehumet_crystals
D:5:      layout_basic, serial_co_window_serial, co_window_corner_a,
          co_window_paths_b, co_window_of_opportunity_a, co_window_paths_b,
          co_window_paths_a, co_window_of_opportunity_a, co_window_paths_b,
          co_window_corner_cb, co_window_corner_b, co_window_of_opportunity_c,
          co_window_broadway_b, co_window_cross_3, co_window_2corner,
          glass_columns_a, glass_columns_b, minmay_misc_feat_tiny, uniq_duvessa
D:6:      layout_loops_ring, serial_shops, shop, kennysheep_mini_moat,
          hangedman_glass_garden, minmay_puff

Skill      XL: |  1  2  3  4 |
---------------+-------------+-----
Unarmed Combat | 2 3 4 |  4.1
Shields        | 1 |  1.4
Fighting       | 4 |  4.1
Dodging        | |  1.7
Stealth        | |  4.5

Action                   |  1- 3 |  4- 6 || total
-------------------------+-------+-------++-------
Melee: Unarmed           |   144 |   114 ||   258
       Punch             |     1 |       ||     1
  Use: Potion            |       |     4 ||     4
 Stab: Sleeping          |    11 |       ||    11
Armor: Leather armour    |    37 |    29 ||    66
Dodge: Dodged            |    76 |    60 ||   136
Block: Buckler           |     1 |    28 ||    29

Table legend: (Time is in decaauts)
 A = Elapsed time spent in this place.
 B = Non-inter-level travel time spent in this place.
 C = Inter-level travel time spent in this place.
 D = Time resting spent in this place.
 E = Time spent auto-exploring this place.
 F = Levels seen in this place.
 G = Mean time per level.
                   A        B        C        D        E       F      G
               +--------+--------+--------+--------+--------+-----+--------+
         Total |   1585 |   1537 |     48 |      0 |      0 |   6 |  264.2 |
       Dungeon |   1585 |   1537 |     48 |      0 |      0 |   6 |  264.2 |
               +--------+--------+--------+--------+--------+-----+--------+

Top non-repeatable levels by time:
     D:2: 577 daAuts
     D:3: 459 daAuts
     D:1: 456 daAuts
     D:5: 84 daAuts
     D:6: 5 daAuts
     D:4: 2 daAuts
